 Dungeon Crawl Stone Soup version 0.29.1-14-g9c671dbff4 (webtiles) character file.

Game seed: 12664941605033982039

2346 Peloso the Carver (level 9, -2/78 HPs)
             Began as a Minotaur Fighter on Feb 19, 2023.
             Was a Follower of Okawaru.
             Killed from afar by an electric eel (9 damage)
             ... with a bolt of electricity
             ... on level 8 of the Dungeon.
             The game lasted 00:12:01 (8289 turns).

Peloso the Carver (Minotaur Fighter)                Turns: 8289, Time: 00:12:02

Health: -2/78      AC: 11    Str: 24    XL:     9   Next: 20%
Magic:  8/8        EV:  9    Int:  5    God:    Okawaru [*.....]
Gold:   380        SH:  6    Dex: 17    Spells: 8/8 levels left

rFire   . . .      SeeInvis .   a - +0 long sword
rCold   . . .      Faith    .   d - +0 buckler
rNeg    . . .      Spirit   .   c - +0 chain mail
rPois   .          Reflect  .   g - +1 hat
rElec   .          Harm     .   (no cloak)
rCorr   .          Rampage  .   (no gloves)
Will    .....                   (no boots)
Stlth   ..........              (no amulet)
HPRegen 0.23/turn               q - ring of flight
MPRegen 0.11/turn               r - +6 ring of dexterity

@: flying
A: horns 2, retaliatory headbutt
a: Renounce Religion, Heroism


You were on level 8 of the Dungeon.
You worshipped Okawaru.
Okawaru was aware of your devotion.
You visited 2 branches of the dungeon, and saw 9 of its levels.

You collected 506 gold pieces.
You spent 126 gold pieces at shops.

Inventory:

Hand Weapons
 a - a +0 long sword (weapon)
Missiles
 v - a throwing net (quivered)
Armour
 b - a +0 scale mail
 c - a +0 chain mail (worn)
 d - a +0 buckler (worn)
 g - a +1 hat (worn)
Jewellery
 o - an amulet of faith
 q - a ring of flight (left hand)
 r - a +6 ring of dexterity (right hand)
 s - a ring of fire
 t - a ring of see invisible
 y - a +4 ring of evasion
 D - a ring of protection from cold
Wands
 E - a wand of iceblast (2)
Scrolls
 e - a scroll of enchant armour {unknown}
 i - 4 scrolls of poison
 l - 2 scrolls of fear {unknown}
 m - a scroll of brand weapon {unknown}
 n - 3 scrolls of noise
 u - 4 scrolls of immolation
 x - 2 scrolls of enchant weapon {unknown}
 C - a scroll of butterflies {unknown}
 F - a scroll of blinking {unknown}
Potions
 f - a potion of ambrosia
 h - 2 potions of curing
 j - a potion of heal wounds {unknown}
 k - 3 potions of berserk rage
 p - a potion of invisibility
 w - 3 potions of mutation {unknown}
 z - 2 potions of might
 A - a potion of resistance
 B - a potion of flight {unknown}


   Skills:
 + Level 6.8 Fighting
 + Level 9.9 Long Blades
 + Level 8.1 Armour
 + Level 2.9 Dodging
 + Level 1.3 Stealth
 + Level 6.1 Shields


You had 8 spell levels left.
You didn't know any spells.
Your spell library contained the following spells:

 Spells                   Type           Power      Damage    Failure   Level
 Necrotise                Necr           0%         1d4       99%         1
 Confusing Touch          Hex            0%         N/A       100%        3
 Vampiric Draining        Necr           0%         2d6       100%        3
 Agony                    Necr           0%         N/A       100%        5
 Yara's Violent Unravell  Hex/Tmut       0%         3d3       100%        5
 Enfeeble                 Hex            0%         N/A       100%        7


Dungeon Overview and Level Annotations

Branches:
Dungeon (8/15)             Temple (1/1) D:6
   Lair: D:8-11

Altars:
Cheibriados
Dithmenos
Gozag
Hepliaklqana
Kikubaaqudgha
Okawaru
Qazlal
Sif Muna
Trog
Uskayaw
Vehumet
Zin
The Shining One

Shops:
D:1 *

Annotations:
D:3 1 runed translucent door, Inglan's ghost, weakling HOFi


Innate Abilities, Weirdness & Mutations

You have a pair of horns on your head.
You reflexively headbutt those who attack you in melee.


Message History

a +0 dagger; a +0 robe You hit something.
You headbutt something. Something hits you but does no damage.
You are electrocuted!
You slash something! Okawaru accepts your kill.
Reactivating autopickup.
You feel a bit more experienced.
Items here: )) [[.
Things that are here:
a +0 shortbow; a +0 shortbow
Aiming: Iceblast
Press: ? - help, Shift-Dir - straight line, f - electric eel
Aim: an electric eel The mass of ice explodes!
The iceblast engulfs the electric eel.
The electric eel is moderately wounded.
You hear an angry growl.
You hear an angry hiss.
You hear an angry growl.
Unknown command.
Aiming: Iceblast
Press: ? - help, Shift-Dir - straight line, f/p - electric eel
Aim: an electric eel (lightly wounded)
The mass of ice explodes!
The iceblast engulfs the electric eel!
The electric eel is severely wounded.
You hear a howl!
The electric eel shoots out a bolt of lightning at you!
The bolt of electricity hits you.
The bolt of electricity hits the plant!
The plant begins to die.
The electric eel shoots out a bolt of lightning at you!
The bolt of electricity hits you! x2
* * * LOW HITPOINT WARNING * * *
You barely miss the electric eel.
The electric eel is severely wounded.
The electric eel shoots out a bolt of lightning at you!
The bolt of electricity hits you but does no damage.
The bolt of electricity hits you!
* * * LOW HITPOINT WARNING * * *
You closely miss the electric eel. Your headbutt misses the electric eel.
The electric eel is severely wounded.
The electric eel shoots out a bolt of lightning at you!
The bolt of electricity hits you!
You die...

###.# .. ###~~~~~~.. .#
...~≈~♣~P. .P~~~≈~~.#
#.~.≈≈~~.# #..~≈≈~.♣#
.~~.~~~.# ##S.~~P~.#
#.@..~...#.
################..P......
..............))......##
.#.####################
##.# .#.# .#.# .#.# .'.#


You could see an electric eel.

Vanquished Creatures
  Eustachio (D:6)
  A steam dragon (D:7)
  2 sky beasts
  3 black bears
  An ice beast (D:6)
  2 ogres
  3 centaurs
  A kobold brigand (D:7)
  A phantom (D:6)
  2 bullfrogs (D:8)
  A necrophage (D:5)
  2 scorpions (D:6)
  2 howler monkeys
  2 hounds
  A jelly (D:6)
  2 orc priests
  3 iguanas
  4 orc wizards
  6 gnolls
  7 adders
  A white imp (D:6)
  An ufetubus (D:6)
  A dart slug (D:1)
  19 orcs
  15 endoplasms
  5 giant cockroaches
  7 goblins
  10 hobgoblins
  6 jackals (D:3)
  15 kobolds
  2 quokkas
  4 ball pythons
  9 bats
  3 frilled lizards (D:1)
  3 rats
148 creatures vanquished.

Vanquished Creatures (others)
  An orc wizard (D:5)
  A fungus (D:8)
  2 plants (D:8)
4 creatures vanquished.

Grand Total: 152 creatures vanquished

Notes
Turn   | Place    | Note
-------+----------+-------------------------------------------
     0 | D:1      | Peloso the Minotaur Fighter began the quest for the Orb.
     0 | D:1      | Reached XP level 1. HP: 19/19 MP: 0/0
    60 | D:1      | Found Mivaheuh's Assorted Antiques.
   418 | D:1      | Reached XP level 2. HP: 27/27 MP: 1/1
   614 | D:1      | Reached XP level 3. HP: 33/33 MP: 2/2
   639 | D:1      | Reached skill level 3 in Long Blades
  1099 | D:1      | Bought a scroll labelled CUROUB JOSKER for 21 gold pieces
  1099 | D:1      | Bought a scroll labelled NUANIE ULOPUARR for 21 gold pieces
  1099 | D:1      | Bought a scroll labelled TUKUER BUERUFY for 21 gold pieces
  1274 | D:2      | Reached skill level 1 in Dodging
  1478 | D:2      | Reached XP level 4. HP: 40/40 MP: 3/3
  2060 | D:2      | Found a faded altar of an unknown god.
  2370 | D:1      | Bought 3 scrolls labelled JENGOWNAOB for 63 gold pieces
  2570 | D:3      | Noticed a black bear
  2576 | D:3      | Killed a black bear
  2577 | D:3      | Reached skill level 4 in Long Blades
  2577 | D:3      | Reached XP level 5. HP: 42/47 MP: 4/4
  2614 | D:3      | Found a runed translucent door.
  2614 | D:3      | Noticed Inglan's ghost (weakling HOFi)
  2665 | D:3      | Found a radiant altar of Vehumet.
  2846 | D:3      | Found a bloodstained altar of Trog.
  3098 | D:3      | You are sucked into a shaft and drop 1 floor!
  3140 | D:4      | Reached skill level 5 in Long Blades
  3397 | D:3      | Reached XP level 6. HP: 47/53 MP: 5/5
  3814 | D:4      | Reached skill level 5 in Armour
  4353 | D:4      | Found a stormy altar of Qazlal.
  4353 | D:4      | Found an opulent altar of Gozag.
  4422 | D:5      | Entered Level 5 of the Dungeon
  4442 | D:5      | Found a snail-covered altar of Cheibriados.
  4556 | D:5      | Reached skill level 1 in Stealth
  4919 | D:5      | Reached skill level 6 in Long Blades
  4919 | D:5      | Reached XP level 7. HP: 54/60 MP: 6/6
  5043 | D:5      | Reached skill level 5 in Fighting
  5786 | D:6      | Reached skill level 5 in Shields
  5958 | D:6      | Found a glowing golden altar of the Shining One.
  5961 | D:6      | Noticed Eustachio
  5988 | D:6      | Killed Eustachio
  5989 | D:6      | Reached skill level 7 in Long Blades
  6136 | D:6      | Reached XP level 8. HP: 66/70 MP: 7/7
  6453 | D:6      | Reached skill level 8 in Long Blades
  6800 | D:6      | Found a staircase to the Ecumenical Temple.
  6921 | Temple   | Entered the Ecumenical Temple
  7042 | Temple   | Became a worshipper of Warmaster Okawaru
  7613 | D:7      | Reached skill level 9 in Long Blades
  7755 | D:7      | Reached * piety under Okawaru
  8159 | D:8      | Reached XP level 9. HP: 72/78 MP: 8/8
  8289 | D:8      | Killed from afar by an electric eel

Illustrated notes

Levels and vault maps discovered:
D:1:      dpeg_arrival_court, layout_loops_cross, serial_shops,
          nicolae_square_shop, grunt_decor_mini_mirrors, corexii_corridor_pit,
          hangedman_glass_teeth
D:2:      layout_basic, hellmonk_ecumenical_altar_pennies_from_heaven,
          minmay_statues_item
D:3:      layout_loops_corners, mainiacjoe_overflow_alcove_4,
          nicolae_vehumet_radiance, hellmonk_ghost_happy_afterlife,
          minmay_fountain_box
D:4:      layout_basic, gammafunk_temple_overflow_wave
D:5:      layout_loops_corners, cheibriados_altar_2
D:6:      layout_basic, mainiacjoe_overflow_catwalk,
          minmay_temple_entry_poolview, minmay_misc_feat_doors, uniq_eustachio
D:7:      layout_basic
D:8:      layout_rooms, nemelex_diamond_rough_becter,
          due_lair_maze_entry_diamond, serial_bayou_pond_b, grunt_ministairs_9,
          nrook_pool_corridor, uniq_grum
Temple:   nicolae_temple_figure_eight

Skill      XL: |  1  2  3  4  5  6  7  8  9 |
---------------+----------------------------+-----
Fighting       | 4 5 6 |  6.8
Shields        | 4 5 6 |  6.1
Armour         | 4 5 6 7 8 |  8.1
Long Blades    | 3 4 5 6 7 9 |  9.9
Dodging        | 1 2 |  2.9
Stealth        | 1 |  1.3

Action                   |  1- 3 |  4- 6 |  7- 9 || total
-------------------------+-------+-------+-------++-------
Melee: Long sword        |    98 |   154 |   177 ||   429
       Headbutt          |    11 |    28 |    40 ||    79
Evoke: Wand              |       |       |     2 ||     2
  Use: Scroll            |       |     6 |     4 ||    10
       Potion            |       |     1 |       ||     1
Armor: Scale mail        |    45 |    58 |       ||   103
       Chain mail        |       |     6 |    95 ||   101
Dodge: Dodged            |    58 |    71 |    67 ||   196
Block: Buckler           |    30 |    35 |    54 ||   119
